Map: Oxide LE

Players

DRG

  • Race: Zerg Zerg
  • Spawn Location: 1:00

Serral - Winner!

  • Race: Zerg Zerg
  • Spawn Location: 7:00

Event: ASUS ROG Online 2020

VOD

Have the link to the VOD?

Description

Time

  • Played on: Nov. 28, 2020, 4:17 p.m.
  • Length: 11:41

All games in this series

Show
View Real Time Build Order
Export as new Build Order

DRG Zerg 

Build Orders: Hatch First 

Get SALT Encoding   

  12  0:00  Drone  
  13  0:12  Overlord  
  13  0:17  Drone  
  14  0:30  Drone x2  
  16  0:47  Hatchery  
  15  0:50  Drone  
  15  0:55  Drone  
  17  0:58  Drone  
  18  1:09  Extractor  
  17  1:13  Spawning Pool  
  17  1:16  Drone  
  17  1:19  Drone  
  18  1:27  Drone  
  19  1:38  Drone  
  20  1:49  Drone  
  21  2:00  Queen x2  
  26  2:01  Zergling x4  
  27  2:11  Overlord  
  27  2:12  Drone, Metabolic Boost  
  28  2:30  Drone x2  
  28  2:32  Drone x2  
  32  2:39  Hatchery  
  32  2:44  Overlord  
  31  2:48  Drone  
  32  2:54  Baneling Nest  
  32  2:56  Drone  
  32  3:04  Zergling x2  
  32  3:05  Drone x2  
  35  3:09  Drone  
  35  3:10  Drone x2  
  35  3:12  Drone  
  39  3:14  Drone  
  39  3:16  Drone  
  41  3:23  Queen  
  43  3:28  Overlord  
  43  3:31  Drone  
  44  3:37  Evolution Chamber  
  44  3:39  Zergling x2  
  44  3:48  Drone x8  
  52  3:50  Baneling  
  52  3:52  Zergling x4  
  54  3:59  Zergling x2  
  55  4:03  Lair  
  55  4:04  Zergling x4, Baneling x2  
  55  4:07  Extractor  
  55  4:08  Extractor  
  55  4:11  Zergling x2  
  55  4:12  Zergling x4  
  55  4:15  Zergling x2  
  58  4:19  Overlord  
  58  4:24  Roach Warren  
  58  4:29  Drone  
  58  4:30  Overlord  
  58  4:35  Overlord  
  58  4:36  Zerg Missile Weapons Level 1  
  58  4:39  Drone  
  58  4:40  Drone  
  58  4:41  Drone  
  58  4:42  Drone x3  
  64  4:46  Drone  
  64  4:47  Drone  
  64  4:48  Drone  
  64  4:50  Drone x2  
  68  4:53  Drone  
  68  4:58  Drone  
  70  5:01  Drone x3  
  70  5:03  Drone, Glial Reconstitution  
  74  5:09  Drone  
  74  5:13  Drone  
  76  5:14  Drone x3  
  76  5:19  Overlord  
  78  5:24  Overlord  
  78  5:25  Drone x2  
  79  5:32  Overlord  
  79  5:35  Drone x4  
  80  5:37  Extractor  
  80  5:38  Extractor x2  
  80  5:40  Roach x3, Evolution Chamber  
  82  5:46  Roach x2  
  86  5:55  Roach x4  
  92  6:00  Drone x3  
  92  6:03  Overlord x2  
  95  6:04  Overseer  
  95  6:06  Zerg Ground Armor Level 1  
  95  6:08  Drone x2  
  95  6:11  Roach x3, Hatchery  
  97  6:12  Roach  
  97  6:16  Overlord  
  103  6:19  Overlord x2  
  103  6:23  Roach x3  
  109  6:26  Tunneling Claws  
  109  6:34  Burrow  
  109  6:35  Roach x2  
  109  6:38  Roach x2  
  117  6:42  Overlord  
  117  6:45  Roach x3  
  123  6:48  Roach x2  
  123  6:52  Zerg Missile Weapons Level 2  
  123  6:53  Overlord  
  123  6:54  Overlord  
  127  6:56  Roach x2  
  127  6:59  Drone  
  132  7:02  Spore Crawler  
  132  7:05  Roach x2  
  132  7:06  Roach x2  
  139  7:11  Drone  
  139  7:12  Drone  
  139  7:15  Roach x5  
  151  7:17  Overseer x2  
  151  7:23  Roach  
  151  7:24  Roach x2  
  157  7:30  Roach x4  
  157  7:34  Overseer  
  157  7:36  Ravager x5  
  170  7:37  Overlord  
  170  7:42  Roach x2  
  174  7:49  Overlord  
  174  7:56  Roach x4  
  182  8:00  Overlord, Roach  
  182  8:04  Overlord  
  183  8:09  Roach x4  
  190  8:19  Roach x11  
  178  8:29  Roach  
  178  8:30  Roach  
  178  8:33  Roach x7  
  184  8:37  Roach  
  184  8:41  Roach  
  188  8:48  Roach x3  
  186  8:50  Roach x2  
  186  8:51  Roach x2  
  186  8:52  Roach  
  178  8:57  Roach x3  
  178  9:01  Roach  
  167  9:05  Roach x3  
  169  9:11  Roach  
  169  9:12  Roach x3  
  177  9:18  Roach x2  
  177  9:19  Ravager  
  177  9:20  Ravager  
  177  9:21  Ravager x2  
  185  9:26  Roach  
  185  9:35  Drone x2  
  185  9:36  Drone x3  
  185  9:39  Drone x3  
  176  9:50  Drone x2  
  173  9:55  Pneumatized Carapace  
  173  9:56  Roach x5  
  183  10:01  Spine Crawler, Drone x2  
  181  10:07  Drone x7, Ravager x6  
  181  10:11  Roach x3  
  188  10:26  Roach x7  
  196  10:32  Drone x2  
  196  10:33  Drone x2  
  195  10:38  Roach x2  
  192  10:49  Roach x6  
  185  10:54  Roach x2  
  185  10:56  Roach  
  161  11:01  Roach  
  161  11:02  Roach  
  161  11:03  Roach  
  138  11:09  Roach x3  
  140  11:14  Roach  
  141  11:22  Roach  
Show
View Real Time Build Order
Export as new Build Order

Serral Zerg - Winner!

Build Orders: Pool First 

Get SALT Encoding   

  12  0:00  Drone  
  13  0:12  Overlord  
  13  0:16  Drone  
  14  0:30  Drone x2  
  14  0:34  Drone  
  17  0:44  Spawning Pool  
  17  0:47  Drone  
  17  1:06  Hatchery  
  17  1:10  Drone  
  17  1:12  Extractor  
  17  1:15  Drone  
  17  1:19  Drone  
  18  1:30  Queen  
  18  1:31  Zergling x2  
  21  1:38  Overlord  
  21  1:49  Drone  
  22  2:00  Drone  
  23  2:06  Queen  
  25  2:10  Drone  
  25  2:11  Metabolic Boost  
  26  2:18  Drone  
  26  2:19  Queen  
  29  2:23  Drone  
  29  2:29  Drone  
  31  2:31  Drone  
  32  2:39  Overlord  
  32  2:41  Drone x3  
  34  2:45  Drone  
  35  2:52  Baneling Nest  
  35  2:54  Drone  
  35  2:57  Zergling x2  
  36  3:02  Zergling x2  
  37  3:09  Hatchery  
  36  3:13  Zergling x4  
  36  3:19  Overlord  
  38  3:20  Drone  
  38  3:21  Zergling x2  
  38  3:22  Zergling x2  
  41  3:27  Drone  
  41  3:29  Drone x2  
  44  3:37  Baneling  
  44  3:38  Drone x3  
  44  3:39  Evolution Chamber  
  46  3:44  Drone  
  46  3:48  Drone x3  
  49  3:51  Zergling x2  
  50  3:55  Extractor  
  50  3:56  Overlord  
  50  3:58  Drone x2  
  51  4:05  Zerg Missile Weapons Level 1  
  51  4:09  Roach Warren  
  50  4:11  Drone  
  50  4:16  Lair  
  51  4:18  Drone x3  
  51  4:20  Drone  
  56  4:24  Drone x2  
  56  4:29  Overlord  
  56  4:31  Drone x3  
  60  4:37  Drone x4  
  63  4:40  Extractor  
  63  4:41  Extractor  
  63  4:42  Drone  
  62  4:46  Drone  
  62  4:51  Drone x3  
  66  4:54  Overlord  
  66  4:55  Drone  
  66  4:57  Drone  
  66  4:58  Drone  
  69  5:00  Overlord  
  69  5:07  Drone  
  69  5:08  Roach x2  
  69  5:09  Baneling x2  
  69  5:13  Evolution Chamber  
  69  5:14  Roach x2  
  76  5:16  Glial Reconstitution  
  76  5:21  Extractor  
  75  5:22  Roach x5  
  75  5:25  Overlord  
  75  5:27  Overlord  
  84  5:31  Drone x2  
  84  5:33  Drone x2  
  88  5:37  Overlord  
  88  5:39  Overlord  
  88  5:48  Overlord  
  88  5:50  Drone x2  
  88  5:51  Drone x3  
  88  5:54  Zerg Ground Armor Level 1  
  88  5:55  Drone x2  
  92  5:57  Extractor  
  92  5:58  Pneumatized Carapace, Overseer  
  92  6:02  Zerg Missile Weapons Level 2  
  92  6:04  Drone  
  92  6:07  Roach x2  
  92  6:10  Roach  
  92  6:11  Roach  
  100  6:19  Hatchery  
  100  6:21  Roach  
  100  6:22  Roach  
  103  6:27  Roach x3  
  109  6:34  Overlord  
  109  6:35  Overlord  
  109  6:36  Roach x3  
  115  6:42  Roach x3  
  121  6:48  Burrow, Tunneling Claws  
  121  6:52  Roach x3  
  127  6:59  Overlord x2  
  127  7:03  Roach x4  
  127  7:07  Drone x2  
  127  7:08  Drone x2  
  139  7:11  Ravager x3  
  139  7:13  Roach  
  144  7:16  Overlord x2  
  144  7:17  Overlord  
  144  7:27  Roach  
  144  7:28  Roach x5  
  156  7:33  Overlord  
  156  7:34  Overseer  
  156  7:36  Roach x3  
  162  7:38  Ravager  
  162  7:39  Ravager x2  
  165  7:45  Roach  
  165  7:46  Roach x4  
  165  7:51  Overseer x2  
  175  7:53  Roach x2  
  175  7:54  Roach  
  181  8:01  Roach  
  181  8:02  Roach x4  
  181  8:05  Overseer  
  190  8:13  Roach x2  
  190  8:14  Roach x2  
  190  8:18  Drone x4  
  190  8:19  Roach  
  191  8:20  Roach x5  
  179  8:29  Roach x5  
  179  8:32  Overlord x3  
  179  8:33  Overlord  
  183  8:44  Overlord  
  183  8:45  Overlord  
  179  8:49  Roach x3  
  179  8:54  Roach x7  
  177  8:56  Queen  
  177  9:01  Roach x2  
  167  9:09  Roach x4  
  167  9:13  Roach x2  
  167  9:14  Roach x2, Overseer  
  167  9:16  Drone x2  
  166  9:22  Roach x6  
  178  9:33  Infestation Pit  
  177  9:38  Extractor, Roach  
  177  9:39  Roach x7  
  177  9:40  Roach x4  
  190  9:46  Roach x30  
  190  9:47  Roach x4  
  189  9:58  Roach x2  
  189  9:59  Roach  
  189  10:02  Roach x5  
  199  10:12  Hydralisk Den, Roach x3  
  199  10:13  Hive  
  199  10:14  Roach x3  
  196  10:29  Roach x2  
  196  10:30  Roach x3  
  198  10:46  Roach x3  
  198  10:48  Roach x3  
  194  10:53  Roach x10  
  191  11:03  Roach x11  
  199  11:08  Roach x3  
  197  11:20  Roach  
  197  11:24  Ravager  
  195  11:26  Ravager  
Tags
 
Add a new tag
Caveats
  • Supply blocks, unpowered buildings, or Contaminate may cause inaccurate times.
  • Supply counts are checked every 10 seconds.